 Dungeon Crawl Stone Soup version 0.31-a0-128-g25add195a6 (webtiles) character file.

Game seed: 4452767151241030950

7 Chroloform the Covered (level 1, 0/20 HPs)
             Began as a Minotaur Fighter on June 1, 2023.
             Succumbed to a kobold's poison
             ... on level 1 of the Dungeon.
             The game lasted 00:00:28 (187 turns).

Chroloform the Covered (Minotaur Fighter)            Turns: 187, Time: 00:00:28

Health: 0/20       AC:  7    Str: 20    XL:     1   Next: 91%
Magic:  0/0        EV:  9    Int:  5    God:
Gold:   0          SH:  4    Dex:  9    Spells: 0/0 levels left

rFire   . . .        a - +0 war axe
rCold   . . .        c - +0 buckler
rNeg    . . .        b - +0 scale mail
rPois   .            (helmet restricted)
rElec   .            (no cloak)
rCorr   .            (no gloves)
SInv    .            (no boots)
Will    .....        (no amulet) Stlth
                     (no ring)
HPRegen 0.23/turn    (no ring)
MPRegen 0.07/turn

%: no passive effects
@: lethally poisoned (0 -> -6)
A: horns 2, retaliatory headbutt
a: no special abilities


You were on level 1 of the Dungeon.
You visited 1 branch of the dungeon, and saw 1 of its levels.

Inventory:

Hand Weapons
 a - a +0 war axe (weapon)
Armour
 b - a +0 scale mail (worn)
 c - a +0 buckler (worn)
Scrolls
 e - a scroll of blinking {unknown}
Potions
 d - a potion of might


   Skills:
 + Level 3.8 Fighting
 + Level 2.6 Axes
 + Level 3.8 Armour
 + Level 3.8 Shields


You couldn't memorise any spells.
You didn't know any spells.
Your spell library was empty.

Dungeon Overview and Level Annotations

Branches:
Dungeon (1/15)

Altars:


Innate Abilities, Weirdness & Mutations

You have a pair of horns on your head.
You reflexively headbutt those who attack you in melee.


Message History

You open the door.
A ball python comes into view.
The ball python hisses angrily.
A kobold comes into view. It is wielding a +0 whip of venom.
You barely miss the ball python. The ball python bites you.
You block the ball python's attack.
You take 1 damage, and have 19/20 hp.
You hit the ball python.
The ball python is heavily wounded.
The ball python closely misses you. You furiously retaliate!
You headbutt the ball python!
You kill the ball python!
The kobold hits you but does no damage.
You are poisoned.
There is an open door here.
You see here a ball python corpse.
You miss the kobold.
You feel very sick.
The kobold hits you with a +0 whip of venom.
You are lethally poisoned!
You take 6 damage, and have 13/20 hp.
MASSIVE DAMAGE!!
You are too injured to fight recklessly!
You are too injured to fight recklessly!
You are too injured to fight recklessly!
You are too injured to fight recklessly!
You slash the kobold!
You kill the kobold!
You feel very sick.
You take 5 damage, and have 8/20 hp.
MASSIVE DAMAGE!!
There is a lethal amount of poison in your body!
* * * LOW HITPOINT WARNING * * *
You feel very sick.
You take 3 damage, and have 5/20 hp.
* * * LOW HITPOINT WARNING * * *
You feel sick.
You take 2 damage, and have 3/20 hp.
* * * LOW HITPOINT WARNING * * *
You feel sick.
You take 1 damage, and have 2/20 hp.
You die...

##.......##
#.........#
+......[..+
#.........#
#.......# #.....#
#.).# #@# #.# #.#
.## ##.##
....##...#####.##
...#............
#.......#####.##
##.#......###.###
#.#...##........


There were no monsters in sight!

Vanquished Creatures
  A giant cockroach (D:1)
  2 hobgoblins (D:1)
  A kobold (D:1)
  2 ball pythons (D:1)
6 creatures vanquished.

Notes
Turn   | Place    | Note
-------+----------+-------------------------------------------
     0 | D:1      | Chroloform the Minotaur Fighter began the quest for the
                  | Orb.
     0 | D:1      | Reached XP level 1. HP: 19/19 MP: 0/0
   187 | D:1      | Succumbed to a kobold's poison

Illustrated notes

Levels and vault maps discovered:
D:1:      elethiomel_arrival_infinity_welcomes_careful_drivers,
          layout_loops_corners, minmay_cupped

Action                     || total
---------------------------++-------
  Melee: War axe           ||    12
 Armour: Scale mail        ||     6
  Dodge: Dodged            ||     4
  Block: Buckler           ||     3

Table legend: (Time is in decaauts)
 A = Elapsed time spent in this place.
 B = Non-inter-level travel time spent in this place.
 C = Inter-level travel time spent in this place.
 D = Time resting spent in this place.
 E = Time spent auto-exploring this place.
 F = Levels seen in this place.
 G = Mean time per level.
                   A        B        C        D        E       F      G
               +--------+--------+--------+--------+--------+-----+--------+
         Total |    191 |    191 |      0 |      0 |    152 |   1 |  191.0 |
       Dungeon |    191 |    191 |      0 |      0 |    152 |   1 |  191.0 |
               +--------+--------+--------+--------+--------+-----+--------+

Top non-repeatable levels by time:
     D:1: 191 daAuts
